AoeStats
← JJ

Black Forest

507147385Analyzed
3v3 RM · 14d ago on Sep 16, 2026· 65m 13s· 6 players
Game mode
Random Map
Map size
Normal (6 player)
Population
200
Speed
Normal
Resources
Standard
Victory
Conquest
Starting age
Dark Age
Ending age
Imperial Age
RankedLock teamsTeams togetherTeam positionsShared explorationLock speedFull tech treeHidden civsTurbo modeCheats
Victory
Defeat
🇬🇧 Bohemians · United Kingdom
846
+18
🇬🇧 Khmer · United Kingdom
800
+20
🇬🇧 Burgundians · United Kingdom
750
+55
🇹🇼 Franks · Taiwan
918
-21
🇧🇷 Khmer · Brazil
863
-19
🇨🇦 Mongols · Canada
859
-19
JLT_Jhoni
0:26 Loom
17:39 Feudal Age
20:34 Castle Age
18:24 Double-Bit Axe
18:39 Stone Mining
18:53 Gold Mining
18:56 Horse Collar
19:37 Town Watch
20:34 Wheelbarrow
21:51 Caravan
22:45 Stone Shaft Mining
22:23 Bow Saw
23:22 Gold Shaft Mining
22:53 Heavy Plow
33:10 Imperial Age
32:13 Ballistics
31:49 Murder Holes
34:02 Double Crossbow
33:23 Elite Ballista Elephant
35:48 Chemistry
34:56 Siege Engineers
40:02 Crop Rotation
39:39 Light Cavalry
40:31 Bloodlines
41:12 Husbandry
42:12 Conscription
42:13 Hussar
dark fader
2:10 Loom
14:53 Feudal Age
16:30 Wheelbarrow
15:42 Double-Bit Axe
17:06 Town Watch
17:38 Horse Collar
19:42 Man-at-Arms
20:07 Arson
26:24 Castle Age
25:26 Fletching
25:37 Scale Mail Armor
25:47 Forging
25:37 Padded Archer Armor
25:32 Stone Mining
26:21 Scale Barding Armor
26:17 Arson
28:25 Hand Cart
33:09 Nomads
33:11 Bodkin Arrow
34:48 Heavy Plow
36:18 Squires
35:38 Pikeman
38:33 Bow Saw
38:23 Gold Mining
39:10 Stone Shaft Mining
39:06 Town Patrol
40:02 Thumb Ring
43:58 Imperial Age
40:52 Elite Skirmisher
41:01 Crossbowman
41:15 Long Swordsman
43:07 Iron Casting
42:47 Chain Mail Armor
42:49 Caravan
43:19 Coinage
43:48 Gold Shaft Mining
43:56 Chain Barding Armor
43:52 Leather Archer Armor
44:13 Coinage
44:25 Husbandry
44:35 Bloodlines
43:46 Light Cavalry
45:28 Banking
45:55 Bracer
46:26 Plate Mail Armor
46:33 Conscription
46:49 Hoardings
45:45 Sappers
45:41 Two-Handed Swordsman
47:28 Parthian Tactics
48:10 Blast Furnace
46:37 Capped Ram
46:39 Heavy Scorpion
48:10 Siege Ram
49:39 Drill
49:45 Onager
51:12 Fortified Wall
52:03 Chemistry
50:58 Murder Holes
51:14 Masonry
51:26 Ballistics
52:25 Ballistics
52:00 Murder Holes
52:15 Masonry
52:11 Siege Engineers
52:16 Siege Onager
53:39 Champion
56:45 Elite Mangudai
57:45 Guard Tower
@_@
0:28 Loom
14:24 Feudal Age
20:44 Castle Age
18:42 Double-Bit Axe
19:41 Stone Mining
19:41 Gold Mining
23:51 Wheelbarrow
26:11 Gold Shaft Mining
27:10 Hand Cart
26:41 Town Watch
30:31 Fortified Wall
34:19 Imperial Age
33:30 Fletching
33:52 Forging
33:48 Scale Barding Armor
34:52 Bodkin Arrow
36:30 Chemistry
35:43 Masonry
35:30 Murder Holes
36:24 Conscription
36:05 Chivalry
38:17 Husbandry
37:38 Cavalier
37:45 Cavalier
39:37 #83
39:40 Paladin
41:03 Iron Casting
40:49 Chain Barding Armor
40:35 Caravan
46:08 Guard Tower
46:06 Arrowslits
49:29 Hoardings
Farmer Iain
1:50 Loom
13:53 Feudal Age
15:27 Double-Bit Axe
20:13 Castle Age
18:39 Horse Collar
18:55 Stone Mining
18:58 Gold Mining
23:32 Heavy Plow
27:18 Wheelbarrow
34:19 Imperial Age
32:45 Caravan
33:53 Hand Cart
33:59 Hand Cart
33:33 Town Watch
34:32 Gold Shaft Mining
34:37 Stone Shaft Mining
36:50 Scale Barding Armor
36:37 Fletching
37:00 Forging
36:53 Padded Archer Armor
38:22 Husbandry
38:32 Bloodlines
40:09 Chain Barding Armor
40:25 Iron Casting
40:11 Leather Archer Armor
41:46 Chemistry
40:58 Masonry
40:55 Siege Engineers
41:10 Fortified Wall
41:53 Conscription
41:36 Double Crossbow
40:59 Elite Ballista Elephant
42:25 Hoardings
41:41 Elite Battle Elephant
44:50 Bow Saw
49:59 Plate Barding Armor
50:25 Blast Furnace
49:24 Bodkin Arrow
50:00 Ring Archer Armor
50:56 Tusk Swords
53:55 Ballistics
53:46 Masonry
57:18 Architecture
Weevil
4:22 Loom
13:48 Feudal Age
16:58 Double-Bit Axe
19:58 Town Watch
23:04 Castle Age
28:43 Chemistry
28:41 Bow Saw
28:04 Pikeman
34:50 Imperial Age
38:37 Halberdier
41:48 Forging
41:39 Scale Mail Armor
42:35 Wheelbarrow
42:01 Town Patrol
43:06 Siege Engineers
43:52 Squires
44:30 Iron Casting
44:02 Houfnice
52:46 Blast Furnace
52:02 Chain Mail Armor
54:33 Town Patrol
JJ
13:01 Feudal Age
11:41 Horse Collar
12:00 Double-Bit Axe
18:20 Heavy Plow
23:32 Castle Age
23:02 Bow Saw
24:31 Scale Barding Armor
27:02 Chain Barding Armor
31:23 Crop Rotation
32:04 Gold Mining
32:10 Stone Mining
32:37 Cavalier
33:17 Husbandry
38:54 Imperial Age
37:24 Murder Holes
39:31 Ballistics
39:04 Paladin
41:45 Chemistry
44:23 Loom
46:55 Hoardings
47:22 Plate Barding Armor
46:57 Forging
46:16 Light Cavalry
47:09 Fortified Wall
46:49 Guard Tower
47:20 Bombard Tower
48:00 Gold Shaft Mining
48:00 Stone Shaft Mining
50:28 Conscription
49:54 Onager
51:46 Iron Casting
50:47 Hussar
Connection lost

Rejoining the realm…

Still unreachable

The connection could not be restored.

Session expired

The server has moved on; the page needs a fresh start.